 Dungeon Crawl Stone Soup version 0.31.0-1-g2c135a008e (webtiles) character file.

Game seed: 2702633131700399815

147 qw the Shooter (level 5, -1/40 HPs)
             Began as a Djinni Hunter on Jan 24, 2024.
             Killed from afar by an orc wizard (2 damage)
             ... with a puff of flame
             ... on level 3 of the Dungeon.
             The game lasted 00:00:08 (1495 turns).

qw the Shooter (Djinni Hunter)                      Turns: 1495, Time: 00:00:08

Health: -1/40      AC:  5    Str: 10    XL:     5   Next: 54%
Gold:   101        EV: 11    Int: 11    God:
                   SH:  0    Dex: 18

rFire   + + .        a - +0 shortbow
rCold   x . .        (shield currently unavailable)
rNeg    + . .        h - +0 ring mail
rPois   inf          (no helmet)
rElec   .            (no cloak)
rCorr   .            (no gloves)
SInv    .            (boots unavailable)
Will    .....        (no amulet)
Stlth   +            b - ring of positive energy
HPRegen 0.26/turn    (no ring)
MPRegen 0.00/turn

%: infuse magic (-2 HP)
@: flying
A: sickness immunity, fire resistance 2, cold vulnerability 1, float, innate
caster, HP casting, extra vitality 1
a: no special abilities


You were on level 3 of the Dungeon.
You visited 1 branch of the dungeon, and saw 4 of its levels.

You collected 101 gold pieces.


Innate Abilities, Weirdness & Mutations

You are immune to sickness and miasma.
You are immune to poison.
Your flesh is very heat resistant. (rF++)
You are vulnerable to cold. (rC-)
You float through the air rather than walking.
You learn spells naturally, not from books.
Your magical power is your life essence.
You have superior vitality. (+4 MHP)


   Skills:
 - Level 3.1 Fighting
 + Level 4.7 Ranged Weapons
 - Level 1.0 Armour
 - Level 2.1 Dodging
 - Level 0.7 Stealth


You knew the following spells:

 Your Spells              Type           Power      Damage    Failure   Level
a - Foxfire               Conj/Fire      0%         2x1d4     65%         1
b - Searing Ray           Conj           0%         2d4       80%         2
Your spell library was empty.

Inventory:

Hand Weapons
 a - a +0 shortbow (weapon)
Armour
 h - a +0 ring mail (worn)
Jewellery
 b - a ring of positive energy (left hand)
Wands
 k - a wand of flame (19)
Potions
 c - a potion of might

Dungeon Overview and Level Annotations

Branches:
Dungeon (4/15)
 Temple: D:4-7

Altars:
Qazlal

Annotations:
D:1 1 transporter


Message History

You shoot an arrow. The arrow barely misses the orc wizard.
The quokka bites you.
The orc wizard hits you but does no damage.
The quokka misses you.
You shoot an arrow. The arrow barely misses the orc wizard.
The orc wizard misses you. The quokka bites you.
The orc wizard barely misses you.
You shoot an arrow. The arrow hits the orc wizard.
The orc wizard is almost dead.
The quokka bites you but does no damage.
The orc wizard hits you with a +0 dagger.
The quokka bites you but does no damage.
You shoot an arrow. The arrow barely misses the orc wizard.
The quokka bites you.
The orc wizard gestures at you while chanting.
The puff of flame hits you. You resist.
You shoot an arrow.
The arrow closely misses the orc wizard.
The quokka twitches its whiskers.
The quokka closely misses you.
The orc wizard hits you but does no damage.
The quokka closely misses you.
You shoot an arrow.
The arrow closely misses the orc wizard.
The orc wizard barely misses you.
The quokka bites you but does no damage.
The orc wizard barely misses you.
You shoot an arrow.
The arrow closely misses the orc wizard.
The quokka barely misses you. x2; The orc wizard barely misses you.
You shoot an arrow. The arrow misses the orc wizard.
The quokka bites you.
The orc wizard hits you with a +0 dagger.
The quokka barely misses you.
You shoot an arrow.
The arrow completely misses the orc wizard.
The orc wizard misses you. The quokka barely misses you.
The orc wizard gestures at you while chanting.
The puff of flame hits you. You resist.
You die...

#######..
#.)......
#@#
#or......
..?.#.#..
#......
#....#.#
#........
#.)#.....#
#.........


You could see an orc wizard and a quokka.

Vanquished Creatures
  A hound (D:4)
  Terence (D:2)
  3 adders
  A dart slug (D:2)
  2 ribbon worms (D:2)
  3 orcs
  6 ball pythons
  4 endoplasms
  3 giant cockroaches
  3 hobgoblins
  2 jackals (D:2)
  4 kobolds
  4 quokkas
  7 bats
  6 frilled lizards
  3 goblins (D:1)
  8 rats
61 creatures vanquished.

Notes
Turn   | Place    | Note
-------+----------+-------------------------------------------
     0 | D:1      | qw the Djinni Hunter began the quest for the Orb.
     0 | D:1      | Reached XP level 1. HP: 18/18 MP: 0/0
     0 | D:1      | 0 ||| qw: Version: 0.3-a-136-gdd3b4e8
     0 | D:1      | 0 ||| qw: Game counter: 1326
     0 | D:1      | 0 ||| qw: Melee chars always use a shield: true
     0 | D:1      | 0 ||| qw: God list: Okawaru
     0 | D:1      | 0 ||| qw: Allow faded altars: false
     0 | D:1      | 0 ||| qw: Do Orc after clearing Dungeon:15 true
     0 | D:1      | 0 ||| qw: Do second Lair branch before Depths: true
     0 | D:1      | 0 ||| qw: Lair rune preference: random
     0 | D:1      | 0 ||| qw: Goals: Normal
     0 | D:1      | 0 ||| PLANNING D:1-11
   168 | D:1      | Reached XP level 2. HP: 23/23 MP: 0/0
   370 | D:1      | Reached XP level 3. HP: 28/28 MP: 0/0
   370 | D:1      | Learned a level 1 spell: Foxfire
   379 | D:1      | Reached skill level 4 in Ranged Weapons
   634 | D:1      | 634 ||| UPGRADING to +0 ring mail.
   644 | D:1      | 644 ||| DROPPING +0 leather armour.
   645 | D:1      | 645 ||| READING scroll labelled OGHAERRIASCH.
   649 | D:1      | 649 ||| READING scroll labelled TIXIYMA DONOGI.
   650 | D:1      | 650 ||| READING scroll labelled NAG AXET ZOLED.
   650 | D:1      | 650 ||| IDENTIFYING coppery potion
   651 | D:1      | 651 ||| DROPPING scroll of butterflies.
   714 | D:2      | Reached skill level 1 in Armour
   820 | D:2      | Noticed Terence
   828 | D:2      | HP: 6/29 [Terence/+4 falchion (4)]
   829 | D:2      | Killed Terence
   830 | D:2      | Reached skill level 3 in Fighting
   830 | D:2      | Reached XP level 4. HP: 8/35 MP: 0/0
  1130 | D:2      | You are sucked into a shaft and drop 2 floors!
  1130 | D:4      | Found a stormy altar of Qazlal.
  1163 | D:4      | Reached XP level 5. HP: 40/40 MP: 0/0
  1163 | D:4      | Learned a level 2 spell: Searing Ray
  1349 | D:4      | 1349 ||| UPGRADING to ring of positive energy.
  1350 | D:4      | 1350 ||| READING scroll of identify.
  1350 | D:4      | 1350 ||| IDENTIFYING black potion
  1351 | D:4      | 1351 ||| READING scroll labelled LOTEET XAUG.
  1452 | D:4      | 1452 ||| READING scroll labelled PEYJAVAKAI.
  1453 | D:4      | 1453 ||| READING scroll labelled HAM XIUWEOCUM.
  1454 | D:4      | 1454 ||| READING scroll labelled ROORIPS GERIJU.
  1454 | D:4      | 1454 ||| ENCHANTING +0 shortbow.
  1485 | D:3      | 1485 ||| DRINKING potion of curing.
  1485 | D:3      | 1485 ||| (to cure confusion)
  1486 | D:3      | HP: 10/40 [orc wizard/+0 dagger (3)]
  1494 | D:3      | HP: 3/40 [quokka (4)]
  1494 | D:3      | HP: 1/40 [orc wizard/+0 dagger (2)]
  1495 | D:3      | Killed from afar by an orc wizard

Levels and vault maps discovered:
D:1:      spicycebolla_arrival_risky_transporter, layout_basic,
          chequers_serial_rivers_micro_c
D:2:      layout_rooms, uniq_terence
D:3:      layout_loops_cross, trog_book, st_stairs_2
D:4:      nicolae_cairo_tiling, layout_gridville,
          nicolae_qazlal_scattered_showers

Skill      XL: |  1  2  3 |
---------------+----------+-----
Ranged Weapons | 4 |  4.7
Armour         | 1 |  1.0
Fighting       | 3 |  3.1
Dodging        | |  2.1
Stealth        | |  0.7

Action                     |  1- 3 |  4- 6 || total
---------------------------+-------+-------++-------
   Fire: Shortbow          |   126 |   101 ||   227
    Use: Scroll            |     3 |     5 ||     8
         Potion            |       |     1 ||     1
 Armour: Leather armour    |    11 |       ||    11
         Ring mail         |    27 |    80 ||   107
  Dodge: Dodged            |    44 |    56 ||   100

Table legend:
 A = Non-vault XP
 B = Vault XP
 C = Vault XP percentage of total XP
 D = Non-vault monster count
 E = Vault monster count
 F = Vault count percentage of total count
                 A         B        C        D         E       F
            +---------+---------+-------+---------+---------+-------
      Total |     162 |      48 |  22.9 |      57 |       4 |   6.6
            +---------+---------+-------+---------+---------+-------
        D:1 |      38 |       0 |   0.0 |      25 |       0 |   0.0
        D:2 |      57 |      32 |  36.0 |      24 |       1 |   4.0
        D:3 |       7 |      16 |  69.6 |       3 |       3 |  50.0
        D:4 |      60 |       0 |   0.0 |       5 |       0 |   0.0
            +---------+---------+-------+---------+---------+-------
